AoeStats
← kuriss_07

Arabia

509986914Analyzed
1v1 RM · 4d ago on Sep 28, 2026· 16m 44s· 2 players
Game mode
Random Map
Map size
Tiny (2 player)
Population
200
Speed
Normal
Resources
Standard
Victory
Conquest
Starting age
Dark Age
Ending age
Imperial Age
RankedLock teamsTeams togetherTeam positionsShared explorationLock speedFull tech treeHidden civsTurbo modeCheats
Victory
Defeat
🇨🇱 Armenians · Chile
697
+15
🇲🇽 Japanese · Mexico
672
-33
kuriss_07
11:26 Feudal Age
10:32 Loom
13:08 Wheelbarrow
12:18 Horse Collar
13:18 Double-Bit Axe
16:44 Stone Mining
memobarria
1:35 Loom
12:15 Feudal Age
13:11 Double-Bit Axe
13:18 Man-at-Arms
14:41 Long Swordsman
15:34 Horse Collar
17:22 Scale Mail Armor
Connection lost

Rejoining the realm…

Still unreachable

The connection could not be restored.

Session expired

The server has moved on; the page needs a fresh start.